 Dungeon Crawl Stone Soup version 0.29-a0-319-gad05b8d819 (webtiles) character file.

Game seed: 4559358605742399400

114 flyleaff the Cudgeller (level 4, 0/29 HPs)
             Began as a Gargoyle Monk on Apr 1, 2022.
             Was a Priest of the Shining One.
             Slain by a worm (3 damage)
             ... on level 2 of the Dungeon on Apr 2, 2022.
             The game lasted 00:04:48 (2161 turns).

flyleaff the Cudgeller (Gargoyle Monk)              Turns: 2161, Time: 00:04:48

Health: 0/29       AC:  5    Str: 13 (14) XL:     4   Next: 98%
Magic:  4/4        EV: 12    Int: 11      God:    the Shining One [***...]
Gold:   135        SH:  0    Dex: 12 (14) Spells: 3/3 levels left

rFire   . . .      SeeInvis .   a - +0 mace
rCold   . . .      Faith    .   (no shield)
rNeg    + + .      Spirit   .   b - +0 robe
rPois   ∞          Reflect  .   (no helmet)
rElec   +          Harm     .   (no cloak)
rCorr   .          Rampage  .   (no gloves)
Will    .....                   (no boots)
Stlth   +.........              m - amulet "Zamearr" {RegenMP rElec Stlth+}
HPRegen 0.09/turn               (no ring)
MPRegen 0.49/turn               (no ring)

@: glowing
A: sickness immunity, AC +3, negative energy resistance 1, electricity
resistance, torment resistance 1, petrification resistance
a: Renounce Religion, Divine Shield, Cleansing Flame


You were on level 2 of the Dungeon.
You worshipped the Shining One.
The Shining One was most pleased with you.
You visited 1 branch of the dungeon, and saw 2 of its levels.

You collected 135 gold pieces.

Inventory:

Hand Weapons
 a - a +0 mace (weapon)
Armour
 b - a +0 robe (worn)
 g - a +0 tower shield
Jewellery
 j - a ring of fire
 m - the amulet "Zamearr" (around neck) {RegenMP rElec Stlth+}
   (You found it on level 2 of the Dungeon)

   [amulet of magic regeneration]

   It increases your rate of magic regeneration.
   rElec:     It insulates you from electricity.
   Stlth:     It makes you more stealthy.
Wands
 c - a wand of polymorph (10)
Scrolls
 f - 4 scrolls of identify {unknown}
 h - a scroll of acquirement {unknown}
 i - a scroll of summoning {unknown}
 l - a scroll of blinking {unknown}
Potions
 d - a potion of degeneration
 k - a potion of brilliance


   Skills:
 + Level 4.0 Fighting
 * Level 4.1 Maces & Flails
 + Level 2.0 Armour
 + Level 2.9 Dodging
 - Level 2.1 Stealth


You had 3 spell levels left.
You didn't know any spells.
Your spell library contained the following spells:

 Spells                   Type           Power      Damage    Failure   Level
 Apportation              Tloc           0%         N/A       34%         1
 Ignite Poison            Fire/Tmut/Pois 0%         N/A       71%         3
 Inner Flame              Hex/Fire       0%         N/A       71%         3
 Mephitic Cloud           Conj/Pois/Air  0%         N/A       71%         3
 Cause Fear               Hex            0%         N/A       98%         4
 Alistair's Intoxication  Tmut/Pois      0%         N/A       100%        5
 Freezing Cloud           Conj/Ice/Air   0%         6-21      100%        5
 Discord                  Hex            0%         N/A       100%        8


Dungeon Overview and Level Annotations

Branches:
Dungeon (2/15)

Altars:
The Shining One


Innate Abilities, Weirdness & Mutations

You are immune to sickness and miasma.
Your stone body is resilient. (AC +3)
You are immune to poison.
You resist negative energy. (rN+)
You are resistant to electric shocks. (rElec)
You are resistant to unholy torment.
You are immune to petrification.


Message History

Search for what [Enter for "."]? .
A worm comes into view.
A frilled lizard comes into view.
Found an escape hatch in the ceiling.
The frilled lizard hisses angrily.
You hit the worm.
The worm is moderately wounded.
The worm bites you but does no damage.
You hit the worm.
The worm is heavily wounded.
You hit the worm but do no damage.
The worm is heavily wounded.
The worm bites you.
You hit the worm.
The worm is heavily wounded.
The frilled lizard barely misses you. The worm bites you.
You hit the worm.
The worm is heavily wounded.
The frilled lizard misses you.
You hit the worm.
The worm is almost dead.
The frilled lizard barely misses you. The worm bites you.
The frilled lizard misses you.
You hit the worm but do no damage.
The worm is severely wounded.
The worm bites you! The frilled lizard closely misses you.
You are too injured to fight recklessly!
You are too injured to fight recklessly!
You are too injured to fight recklessly!
The frilled lizard attacks as you move away!
The frilled lizard bites you but does no damage.
You sock the frilled lizard!
You kill the frilled lizard!
Your Fighting skill increases to level 4!
The worm bites you!
* * * LOW HITPOINT WARNING * * *
You hit the worm.
The worm is almost dead.
The worm bites you.
You die...

##.##.....#.#...#.#.# #
#...#.....#.#.#.#.#.# #
#...#.##.##.#.#.#.#.###
#...........#.#.#.#....
#...##.#......#.#.#####
#...##.########.#.#####
#...##.# #.....†....
######.# ..............
#@# ####.#........
<......w# .$.#........
.......[# #............
......... +............
........# #............
........# .....#.#####
........# ........#


You could see a worm.

Vanquished Creatures
  Terence (D:2)
  Natasha (D:2)
  2 adders (D:2)
  3 dart slugs
  5 bats
  2 endoplasms
  3 giant cockroaches
  7 goblins
  A hobgoblin (D:2)
  4 kobolds
  4 quokkas
  5 frilled lizards
  3 rats (D:2)
41 creatures vanquished.

Notes
Turn   | Place    | Note
-------+----------+-------------------------------------------
     0 | D:1      | flyleaff the Gargoyle Monk began the quest for the Orb.
     0 | D:1      | Reached XP level 1. HP: 14/14 MP: 1/1
   559 | D:1      | Reached XP level 2. HP: 19/19 MP: 2/2
   565 | D:1      | Found a faded altar of an unknown god.
   855 | D:1      | Prayed at the altar of an unknown god.
   855 | D:1      | Became a worshipper of the Shining One
   855 | D:1      | Reached * piety under the Shining One
   855 | D:1      | Reached ** piety under the Shining One
   975 | D:2      | Reached *** piety under the Shining One
   981 | D:2      | Reached skill level 1 in Armour
   983 | D:2      | Reached XP level 3. HP: 19/23 MP: 3/3
  1285 | D:2      | Noticed Terence
  1302 | D:2      | Killed Terence
  1303 | D:2      | Reached XP level 4. HP: 14/29 MP: 4/4
  1694 | D:2      | Identified the amulet "Zamearr" {RegenMP rElec Stlth+}
  1736 | D:2      | Noticed Natasha
  1759 | D:2      | Killed Natasha
  2161 | D:2      | Slain by a worm

Illustrated notes

Levels and vault maps discovered:
D:1:      lightli_arrival_boilingwater, layout_rooms,
          ebering_ecumenical_altar_sacrificial
D:2:      layout_basic, st_stairs_5, uniq_natasha, uniq_terence

Skill      XL: |  1  2  3  4 |
---------------+-------------+-----
Armour         | 1 2 |  2.0
Maces & Flails | 4 |  4.1
Fighting       | 4 |  4.0
Dodging        | |  2.9
Stealth        | |  2.1

Action                   |  1- 3 |  4- 6 || total
-------------------------+-------+-------++-------
Melee: Mace              |   102 |    35 ||   137
       Punch             |     6 |       ||     6
  Use: Potion            |     1 |     3 ||     4
Armor: Robe              |    41 |     7 ||    48
Dodge: Dodged            |    75 |    24 ||    99

Table legend: (Time is in decaauts)
 A = Elapsed time spent in this place.
 B = Non-inter-level travel time spent in this place.
 C = Inter-level travel time spent in this place.
 D = Time resting spent in this place.
 E = Time spent auto-exploring this place.
 F = Levels seen in this place.
 G = Mean time per level.
                   A        B        C        D        E       F      G
               +--------+--------+--------+--------+--------+-----+--------+
         Total |   2176 |   2150 |     26 |      0 |   1800 |   2 | 1088.0 |
       Dungeon |   2176 |   2150 |     26 |      0 |   1800 |   2 | 1088.0 |
               +--------+--------+--------+--------+--------+-----+--------+

Top non-repeatable levels by time:
     D:2: 1232 daAuts
     D:1: 944 daAuts
